 Dungeon Crawl Stone Soup version 0.19-a0-994-g3c636f0 (webtiles) character file.

93 matakusis the Charmwright (level 4, -5/30 HPs)
             Began as a High Elf Skald on July 16, 2016.
             Killed from afar by an orc wizard (7 damage)
             ... with a magic dart
             ... on level 2 of the Dungeon.
             The game lasted 00:03:50 (1939 turns).

matakusis the Charmwright (High Elf Skald)          Turns: 1939, Time: 00:03:50

Health: -5/30      AC:  5    Str: 11    XL:     4   Next: 36%
Magic:  8/8        EV: 13    Int: 15    God:
Gold:   60         SH:  0    Dex: 16    Spells: 2 memorised, 5 levels left

rFire  . . .     SeeInvis .     a - +0 falchion
rCold  . . .     Gourm    .     b - +0 leather armour
rNeg   . . .     Faith    .     (no shield)
rPois  .         Spirit   .     g - +2 hat
rElec  .         Dismiss  .     (no cloak)
rCorr  .         Reflect  .     (no gloves)
SustAt .         Harm     .     (no boots)
MR     .....                    (no amulet)
Stlth  +.........               (no ring)
                                (no ring)

@: slowed, very slow, not resistant to hostile enchantments, very unstealthy
A: no striking features
a: no special abilities


You were on level 2 of the Dungeon.
You were hungry.

You visited 1 branch of the dungeon, and saw 2 of its levels.

You collected 60 gold pieces.

Inventory:

Hand Weapons
 a - a +0 falchion (weapon)
Armour
 b - a +0 leather armour (worn)
 g - a +2 hat (worn)
Scrolls
 e - a scroll of random uselessness {unknown}
 i - a scroll of identify {unknown}
 l - a scroll of fog {unknown}
 n - a scroll of remove curse {unknown}
 p - a scroll of blinking {unknown}
 t - a scroll of recharging {unknown}
Potions
 f - a potion of lignification {unknown}
 h - a potion of ambrosia {unknown}
 j - a potion of flight {unknown}
 k - a potion of curing {unknown}
 o - 2 potions of heal wounds {unknown}
 q - a potion of cure mutation {unknown}
 s - a potion of might {unknown}
Books
 c - a book of Battle

   Spells                             Type                      Level
   a - Infusion                       Charms                       1
   b - Shroud of Golubria             Charms/Translocation         2
   c - Song of Slaying                Charms                       2
   d - Spectral Weapon                Hexes/Charms                 3
   e - Regeneration                   Charms/Necromancy            3
Comestibles
 d - 2 bread rations
 m - 3 meat rations
 r - 3 chunks of flesh


   Skills:
 * Level 2.7 Fighting
 + Level 2.9 Long Blades
 + Level 1.4 Armour
 * Level 2.6 Dodging
 + Level 2.5 Spellcasting
 + Level 4.3 Charms


You had 5 spell levels left.
You knew the following spells:

 Your Spells              Type           Power        Failure   Level  Hunger
a - Infusion              Chrm           ##..         6%          1    #......
b - Song of Slaying       Chrm           ##......     10%         2    ###....


Dungeon Overview and Level Annotations

Branches:
Dungeon (2/15)

Altars:


Message History

The orc wizard is moderately wounded.
The orc wizard hits you but does no damage.
The orc wizard points at you and mumbles some strange words.
You feel as though you will be slow longer.
The orc wizard misses you.
Unknown command.
You hit the orc wizard but do no damage.
The orc wizard is moderately wounded.
The orc wizard hits you with a dagger.
* * * LOW HITPOINT WARNING * * *
The orc wizard points at you and mumbles some strange words.
You resist with some effort. The orc wizard closely misses you.
You hit the orc wizard.
The orc wizard is severely wounded.
The orc wizard closely misses you.
You riposte.
You closely miss the orc wizard.
The orc wizard is severely wounded.
The orc wizard gestures at you while chanting.
The magic dart hits you!
You die...

#....#
#.......# ....#
#.......#
##...#
#.........
#)#.....##
#######.#######
#.......#
####.#### #o#
#@# # #.# # #.#
# #.# # #.# #
#.# # #.. # ###
#


You could see an orc wizard.

Vanquished Creatures
  Jessica (D:2)
  Terence (D:2)
  A worm (D:2)
  A dart slug (D:1)
  A giant gecko (D:2)
  An orc (D:2)
  A giant cockroach (D:2)
  5 goblins
  4 hobgoblins
  3 bats
  2 giant newts (D:2)
  10 kobolds
  6 rats (D:1)
37 creatures vanquished.

Notes
Turn   | Place    | Note
-------+----------+-------------------------------------------
     0 | D:1      | matakusis the High Elf Skald began the quest for the Orb.
     0 | D:1      | Reached XP level 1. HP: 14/14 MP: 4/4
   287 | D:1      | Reached skill level 4 in Charms
   292 | D:1      | Reached XP level 2. HP: 17/19 MP: 4/6
  1166 | D:2      | Reached skill level 1 in Armour
  1218 | D:2      | Noticed Terence
  1225 | D:2      | Killed Terence
  1225 | D:2      | Reached XP level 3. HP: 7/25 MP: 7/7
  1443 | D:2      | Learned a level 2 spell: Song of Slaying
  1793 | D:2      | Noticed Jessica
  1801 | D:2      | Killed Jessica
  1801 | D:2      | Reached XP level 4. HP: 24/30 MP: 8/8
  1939 | D:2      | Killed from afar by an orc wizard

Vault maps used:
D:1:      scummos_arrival_checkerplants
D:2:      first_bread, uniq_jessica, uniq_terence

Skill      XL: |  1  2 |
---------------+-------+-----
Charms         | 4 |  4.3
Armour         | 1 |  1.4
Dodging        | 2 |  2.6
Fighting       | |  2.7
Long Blades    | |  2.9
Spellcasting   | |  2.5

Action                   |  1- 3 |  4- 6 || total
-------------------------+-------+-------++-------
Melee: Falchion          |   132 |    42 ||   174
 Cast: Infusion          |     1 |       ||     1
 Stab: Sleeping          |     1 |       ||     1
  Eat: Chunk             |     3 |       ||     3
Armor: Leather armour    |    18 |    14 ||    32
Dodge: Dodged            |    72 |    30 ||   102
